AoeStats
← Top 1 IQ

Scandinavia

510510099Analyzed
1v1 RM · 2d ago on Oct 1, 2026· 39m 33s· 2 players
Game mode
Random Map
Map size
Tiny (2 player)
Population
200
Speed
Normal
Resources
Standard
Victory
Conquest
Starting age
Dark Age
Ending age
Imperial Age
RankedLock teamsTeams togetherTeam positionsShared explorationLock speedFull tech treeHidden civsTurbo modeCheats
Victory
Defeat
🇷🇺 Mongols · Russia
1104
+16
🇦🇺 Japanese · Australia
1099
-16
GorillaMan
7:45 Loom
10:24 Feudal Age
15:38 Castle Age
13:42 Fishing Lines
14:18 Double-Bit Axe
20:02 Horse Collar
23:31 Wheelbarrow
25:41 Gambesons
25:57 Squires
27:13 Fletching
27:01 Elite Skirmisher
28:32 Bodkin Arrow
29:28 Padded Archer Armor
31:18 Leather Archer Armor
31:41 Ballistics
31:46 Scale Mail Armor
31:23 Pikeman
36:42 Chain Mail Armor
Top 1 IQ
6:32 Loom
8:33 Feudal Age
9:29 Double-Bit Axe
9:59 Horse Collar
15:09 Wheelbarrow
14:27 Stone Mining
19:39 Castle Age
18:43 Fletching
19:15 Padded Archer Armor
21:16 Bow Saw
21:11 Husbandry
21:22 Bloodlines
22:58 Gold Mining
24:45 Bodkin Arrow
26:09 Ballistics
28:51 Thumb Ring
30:11 Heavy Plow
30:50 Gold Shaft Mining
30:50 Stone Shaft Mining
30:34 Light Cavalry
32:56 Scale Barding Armor
33:02 Forging
37:11 Chain Barding Armor
37:26 Iron Casting
Connection lost

Rejoining the realm…

Still unreachable

The connection could not be restored.

Session expired

The server has moved on; the page needs a fresh start.